 Dungeon Crawl Stone Soup version 0.20.0-8-g6b59dc7 (webtiles) character file.

2491 Gorglomux the Transmogrifier (level 9, -7/79 HPs)
             Began as a Merfolk Transmuter on May 31, 2017.
             Was a Believer of Cheibriados.
             Killed by divine providence
             ... invoked by an orc priest
              (11 damage)
             ... on level 7 of the Dungeon.
             The game lasted 00:30:15 (7438 turns).

Gorglomux the Transmogrifier (Merfolk Transmuter)   Turns: 7438, Time: 00:30:16

Health: -7/79      AC:  7    Str: 16    XL:     9   Next: 52%
Magic:  5/16       EV: 13    Int: 20    God:    Cheibriados [**....]
Gold:   316        SH:  0    Dex: 19    Spells: 6/17 levels left

rFire    . . .     SeeInvis .     - Unarmed
rCold    . . .     Gourm    .   (no shield)
rNeg     . . .     Faith    .   b - +0 robe
rPois    .         Spirit   .   (no helmet)
rElec    .         Reflect  .   (no cloak)
rCorr    .         Harm     .   (no gloves)
MR       +....     Clarity  +   t - +2 pair of boots
Stlth    ++........             Y - amulet of magic regeneration
Regen    0.3/turn               m - ring of protection from magic
MPRegen  0.3/turn               (no ring)

@: very slow
A: change form in water, swift swim, stealthy swim, slimy green scales 1,
clarity, robust 1, MP-powered wands
a: Bend Time, Renounce Religion


You were on level 7 of the Dungeon.
You worshipped Cheibriados.
Cheibriados was pleased with you.
You were not hungry.

You visited 2 branches of the dungeon, and saw 8 of its levels.

You collected 316 gold pieces.

Inventory:

Missiles
 a - 39 arrows
Armour
 b - a +0 robe (worn)
 t - a +2 pair of boots (worn)
 P - a +0 cloak
Jewellery
 m - a ring of protection from magic (left hand)
 Y - an amulet of magic regeneration (around neck)
Scrolls
 f - 2 scrolls of amnesia {unknown}
 j - 2 scrolls of enchant armour {unknown}
 n - 2 scrolls of immolation {unknown}
 r - a scroll of enchant weapon {unknown}
 s - 2 scrolls of fog {unknown}
 N - a scroll of magic mapping {unknown}
 R - 4 scrolls of identify
 T - 2 scrolls of blinking {unknown}
 V - a scroll of fear {unknown}
 W - 2 scrolls of teleportation {unknown}
 X - 3 scrolls of remove curse {unknown}
Potions
 q - a potion of mutation {!q}
 Z - a potion of agility {unknown}
Books
 c - a book of Changes

   Spells                             Type                      Level
   a - Beastly Appendage              Transmutation                1
   b - Sticks to Snakes               Transmutation                2
   c - Spider Form                    Transmutation/Poison         3
   d - Ice Form                       Ice/Transmutation            4
   e - Blade Hands                    Transmutation                5
 M - a book of Misfortune

   Spells                             Type                      Level
   a - Confusing Touch                Hexes                        1
   b - Confuse                        Hexes                        3
   c - Gell's Gravitas                Translocation                3
   d - Petrify                        Transmutation/Earth          4
   e - Metabolic Englaciation         Hexes/Ice                    5
   f - Yara's Violent Unravelling     Hexes/Transmutation          5
Comestibles
 d - 7 bread rations
 h - 4 royal jellies
 k - 7 fruits
 z - 3 meat rations
 U - 2 chunks of flesh


   Skills:
 + Level 7.2 Fighting
 - Level 2.6 Dodging
 + Level 7.9 Unarmed Combat
 + Level 4.9 Spellcasting
 + Level 9.3 Transmutations


You had 6 spell levels left.
You knew the following spells:

 Your Spells              Type           Power        Failure   Level  Hunger
a - Beastly Appendage     Tmut           #####.       1%          1    None
b - Sticks to Snakes      Tmut           #####...     1%          2    #......
c - Spider Form           Tmut/Pois      ###.......   5%          3    ##.....
d - Blade Hands           Tmut           #####.....   7%          5    ######.


Dungeon Overview and Level Annotations

Branches:
Dungeon (7/15)             Temple (1/1) D:5

Altars:
Ashenzari
Cheibriados
Dithmenos
Elyvilon
Fedhas
Gozag
Hepliaklqana
Kikubaaqudgha
Makhleb
Nemelex Xobeh
Okawaru
Qazlal
Ru
Sif Muna
Trog
Uskayaw
Vehumet
Xom
Yredelemnul
Zin
The Shining One

Shops:
D:4 %   D:5 =


Innate Abilities, Weirdness & Mutations

You revert to your normal form in water.
You are very nimble and swift while swimming.
You are very stealthy in the water. (Stealth+)
You are partially covered in slimy green scales. (AC +2)
You possess an exceptional clarity of mind.
You are robust. (+10% HP)
You expend magic power (3 MP) to strengthen your wands.


Message History

Your water moccasin bites the orc wizard.
The orc wizard barely misses your water moccasin.
Casting: Sticks to Snakes
Confirm with . or Enter, or press ? or * to list all spells.
You create 2 snakes!
You now have 39 arrows.
Your water moccasin bites the orc wizard!
The orc wizard casts a spell at you.
The puff of frost hits your water moccasin.
Your water moccasin closely misses the orc wizard.
An orc comes into view. It is wielding a morningstar.
Unknown command.
You swap places.
Your water moccasin bites the orc wizard.
The orc wizard dies!
Cheibriados thoroughly appreciates the change of pace.
Your adder closely misses the orc priest.
The orc barely misses your water moccasin.
The orc priest calls down the wrath of Beogh upon you.
Beogh smites you!
You die...

#> .# .####.######.###..
...................... ..
#......................#..
#............)........##..
#.....................##..
#.........................
#.....................#...
#........@.SSo.S).....#...
#.........)S....o.........
#.........$$$.........#...
#......)).$_$.......).#.##
#.....)[.†$$$........)#.#
#......))............[#.#
#.....................#.#
#.....................#.#
#.....................#.#


You could see an orc priest, an orc, a friendly water moccasin and 3 friendly
adders.

Vanquished Creatures
  Pikel (D:5)
  Sigmund (D:3)
  The ghost of bear the Chopper, an amateur FoFi (D:3)
  3 orc warriors
  An ice beast (D:7)
  A phantom (D:5)
  2 ogres
  A centaur (D:5)
  Blork the orc (D:5)
  A bullfrog (D:6)
  A scorpion (D:4)
  4 killer bees (D:7)
  2 howler monkeys (D:7)
  A crimson imp (D:6)
  A centaur skeleton (D:5)
  3 orc priests (D:6)
  A gnoll shaman (D:6)
  An orc wizard (D:7)
  Crazy Yiuf (D:5)
  A hound (D:7)
  Jessica (D:2)
  An iguana (D:7)
  2 worker ants (D:4)
  3 gnolls (D:6)
  7 adders
  A shadow imp (D:5)
  4 adder skeletons
  4 worms
  A dart slug (D:1)
  5 leopard geckos
  17 orcs
  5 bats
  7 giant cockroaches
  4 goblins
  9 hobgoblins
  16 jackals
  12 kobolds
  A ball python (D:3)
  4 frilled lizards
  A jackal zombie (D:5)
  A leopard gecko skeleton (D:4)
  A quokka skeleton (D:4)
  8 rats
144 creatures vanquished.

Vanquished Creatures (collateral kills)
  An orc warrior (D:7)
  4 orc wizards (D:7)
  An orc (D:7)
  A jackal (D:1)
7 creatures vanquished.

Vanquished Creatures (others)
  2 slaves (D:5)
  A bullfrog skeleton (D:5)
  An adder zombie (D:5)
4 creatures vanquished.

Grand Total: 155 creatures vanquished

Notes
Turn   | Place    | Note
-------+----------+-------------------------------------------
     0 | D:1      | Gorglomux the Merfolk Transmuter began the quest for the Orb.
     0 | D:1      | Reached XP level 1. HP: 15/15 MP: 3/3
    39 | D:1      | Found a basalt altar of Yredelemnul.
    42 | D:1      | Found a bloodstained altar of Trog.
    42 | D:1      | Found a sparkling altar of Nemelex Xobeh.
    49 | D:1      | Found an opulent altar of Gozag.
    49 | D:1      | Found a blossoming altar of Fedhas.
    49 | D:1      | Found a shimmering altar of Xom.
    81 | D:1      | Reached skill level 3 in Transmutations
    90 | D:1      | Reached XP level 2. HP: 16/21 MP: 5/5
   117 | D:1      | Learned a level 2 spell: Sticks to Snakes
   770 | D:1      | Reached XP level 3. HP: 10/27 MP: 2/6
  1296 | D:1      | Learned a level 3 spell: Spider Form
  1304 | D:1      | Reached skill level 4 in Transmutations
  1530 | D:2      | Noticed Jessica
  1540 | D:2      | Killed Jessica
  1540 | D:2      | Reached XP level 4. HP: 21/34 MP: 2/7
  2365 | D:3      | Noticed Sigmund
  2380 | D:3      | Gained mutation: You possess an exceptional clarity of mind. [potion of mutation]
  2380 | D:3      | Gained mutation: You expend magic power (3 MP) to strengthen your wands. [potion of mutation]
  2380 | D:3      | Gained mutation: You are partially covered in slimy green scales. (AC +2) [potion of mutation]
  2380 | D:3      | Gained mutation: You are robust. (+10% HP) [potion of mutation]
  2456 | D:3      | Killed Sigmund
  2456 | D:3      | Reached skill level 3 in Fighting
  2456 | D:3      | Reached skill level 5 in Transmutations
  2456 | D:3      | Reached XP level 5. HP: 8/45 MP: 1/8
  2456 | D:3      | Reached XP level 6. HP: 9/51 MP: 1/9
  3763 | D:3      | Noticed bear's ghost (amateur FoFi)
  3779 | D:3      | Killed bear's ghost
  3779 | D:3      | Reached skill level 6 in Transmutations
  3992 | D:3      | Reached XP level 7. HP: 58/59 MP: 6/10
  4265 | D:4      | Found Deiwamei's Food Shop.
  4785 | D:4      | Reached skill level 6 in Unarmed Combat
  5043 | D:5      | Entered Level 5 of the Dungeon
  5043 | D:5      | Noticed Pikel
  5063 | D:5      | Killed Pikel
  5063 | D:5      | Reached skill level 3 in Spellcasting
  5063 | D:5      | Reached skill level 7 in Transmutations
  5063 | D:5      | Reached XP level 8. HP: 39/69 MP: 9/12
  5161 | D:5      | Noticed Blork the orc
  5166 | D:5      | Killed Blork the orc
  5363 | D:5      | Found Vyguyjy's Jewellery Emporium.
  5401 | D:5      | Found a sacrificial altar of Ru.
  5501 | D:5      | Found a staircase to the Ecumenical Temple.
  5515 | Temple   | Entered the Ecumenical Temple
  5634 | Temple   | Became a worshipper of Cheibriados the Contemplative
  6141 | D:5      | Found a hide-covered altar of Uskayaw.
  6343 | D:5      | Found a runed door.
  6347 | D:5      | Noticed Crazy Yiuf
  6352 | D:5      | Killed Crazy Yiuf
  6526 | D:6      | Reached skill level 6 in Fighting
  6526 | D:6      | Reached skill level 8 in Transmutations
  6542 | D:6      | Reached * piety under Cheibriados
  6737 | D:6      | Reached XP level 9. HP: 67/78 MP: 11/15
  7217 | D:7      | Learned a level 5 spell: Blade Hands
  7280 | D:7      | Found an opulent altar of Gozag.
  7310 | D:7      | Reached skill level 9 in Transmutations
  7320 | D:7      | Reached ** piety under Cheibriados
  7336 | D:7      | HP: 5/118 [poisoned by a killer bee]
  7341 | D:7      | HP: 4/118 [giant cockroach (1)]
  7346 | D:7      | HP: 3/118 [poisoned by a killer bee]
  7354 | D:7      | HP: 3/118 [poisoned by a killer bee]
  7364 | D:7      | HP: 2/79 [poisoned by a killer bee]
  7370 | D:7      | HP: 2/79 [poisoned by a killer bee]
  7376 | D:7      | HP: 3/79 [poisoned by a killer bee]
  7397 | D:7      | HP: 3/79 [orc warrior/trident (5)]
  7432 | D:7      | HP: 2/79 [orc wizard/puff of flame (8)]
  7438 | D:7      | Killed from afar by an orc priest

Skill      XL: |  1  2  3  4  5  6  7  8  9 |
---------------+----------------------------+-----
Transmutations | 3 4 5 6 7 8 9 |  9.3
Fighting       | 2 3 4 5 6 7 |  7.2
Unarmed Combat | 4 5 6 7 |  7.9
Spellcasting   | 3 4 |  4.9
Dodging        | |  2.6

Action                   |  1- 3 |  4- 6 |  7- 9 || total
-------------------------+-------+-------+-------++-------
Melee: Unarmed           |   103 |   129 |   265 ||   497
       Headbutt          |     8 |       |     2 ||    10
       Punch             |     1 |     1 |     9 ||    11
 Cast: Beastly Appendage |    12 |       |     1 ||    13
       Sticks to Snakes  |     1 |     2 |    14 ||    17
       Spider Form       |     3 |    17 |    26 ||    46
  Use: Potion            |       |     7 |     6 ||    13
       Scroll            |       |       |     1 ||     1
 Stab: Sleeping          |     1 |     1 |     2 ||     4
       Invisible         |       |       |     5 ||     5
  Eat: Chunk             |     2 |    11 |    11 ||    24
       Royal jelly       |       |       |     1 ||     1
       Fruit             |       |       |     1 ||     1
Armor: Robe              |    17 |    10 |    25 ||    52
       Skin              |       |    26 |    88 ||   114
Dodge: Dodged            |    90 |   103 |   196 ||   389
